AoeStats
← [RAT] G0rm

Arabia

510365533Analyzed
3v3 RM · 1d ago on Sep 30, 2026· 16m 51s· 6 players
Game mode
Random Map
Map size
Normal (6 player)
Population
200
Speed
Normal
Resources
Standard
Victory
Conquest
Starting age
Dark Age
Ending age
Imperial Age
RankedLock teamsTeams togetherTeam positionsShared explorationLock speedFull tech treeHidden civsTurbo modeCheats
Victory
Defeat
🇫🇷 Britons · France
1838
+3
🇷🇴 Ethiopians · Romania
1532
+11
🇳🇱 Persians · Netherlands
1482
+13
🇺🇸 Turks · United States
1529
-12
1519
-11
🇦🇹 Britons · Austria
1237
-4
[RAT] Havik_AoE
8:32 Feudal Age
9:05 Double-Bit Axe
9:23 Horse Collar
9:59 Loom
15:23 Scale Barding Armor
Kiddo
6:06 Loom
8:26 Feudal Age
11:16 Fletching
14:27 Double-Bit Axe
[RAT] G0rm
6:12 Loom
8:19 Feudal Age
12:01 Fletching
l0rdtHel1ttl3
4:50 Loom
9:52 Feudal Age
14:52 Fletching
Eagle
7:38 Loom
9:28 Feudal Age
13:51 Double-Bit Axe
DinoNuggetConnoisseur
6:36 Loom
8:52 Feudal Age
9:41 Double-Bit Axe
13:06 Town Watch
Connection lost

Rejoining the realm…

Still unreachable

The connection could not be restored.

Session expired

The server has moved on; the page needs a fresh start.